 Dungeon Crawl Stone Soup version 0.28.0 (webtiles) character file.

Game seed: 4355563194570102482

31 ProzacElf the Chopper (level 3, -4/46 HPs)
             Began as a Hill Orc Monk on Feb 6, 2022.
             Slain by an iguana (7 damage)
             ... on level 2 of the Dungeon.
             The game lasted 00:02:48 (2205 turns).

ProzacElf the Chopper (Hill Orc Monk)               Turns: 2205, Time: 00:02:49

Health: -4/46      AC: 21    Str: 15    XL:     3   Next: 22%
Magic:  3/3        EV:  2    Int: 10    God:
Gold:   75         SH:  5    Dex: 13    Spells: 2/2 levels left

rFire   . . .      SeeInvis .   a - +0 hand axe
rCold   . . .      Faith    .   (no shield)
rNeg    . . .      Spirit   .   (armour currently unavailable)
rPois   +          Reflect  +   (helmet currently unavailable)
rElec   .          Harm     .   (cloak currently unavailable)
rCorr   .          Rampage  .   (gloves currently unavailable)
Will    .....      NoTele   +   (boots currently unavailable)
Stlth   ++........              m - amulet of reflection
HPRegen 0.15/turn               (no ring)
MPRegen 0.08/turn               (no ring)

@: tree-form
A: stationary, stasis, torment immunity, boosted hp
a: no special abilities


You were on level 2 of the Dungeon.
You were a tree.
You visited 1 branch of the dungeon, and saw 2 of its levels.

You collected 75 gold pieces.

Inventory:

Hand Weapons
 a - a +0 hand axe (weapon)
Missiles
 d - 52 stones (quivered)
 e - 24 sling bullets
 i - 48 arrows
Armour
 b - a +0 robe
 g - a +0 ring mail (melded)
Jewellery
 m - an amulet of reflection (around neck)
Scrolls
 c - a scroll of teleportation {unknown}
 h - 2 scrolls of enchant armour {unknown}
 k - a scroll of acquirement {unknown}
 n - a scroll of identify {unknown}
 o - a scroll of vulnerability {unknown}
 p - a scroll of torment {unknown}
Potions
 l - a potion of haste {unknown}


   Skills:
 - Level 3.6 Fighting
 + Level 4.9 Axes
 + Level 3.0 Dodging
 - Level 1.5 Stealth


You had 2 spell levels left.
You didn't know any spells.
Your spell library was empty.

Dungeon Overview and Level Annotations

Branches:
Dungeon (2/15)

Altars:


Message History

Tha iguana be heavily wounded.
Tha iguana bites ye.
Ye take 2 damage, an' haf 18/46 hp.
Ye completely miss tha iguana.
Tha iguana be heavily wounded.
Tha iguana barely misses ye.
Ye hit tha iguana.
Tha iguana be severely wounded.
Tha iguana bites ye but does nay damage.
Ye hit tha iguana.
Tha iguana be almost dead.
Tha iguana bites ye.
* * * LOW HITPOINT WARNIN'
* * * Ye take 6 damage, an' haf 13/46 hp.
Ye barely miss tha iguana.
Tha iguana be almost dead.
Tha iguana barely misses ye.
Ye completely miss tha iguana.
Tha iguana be almost dead.
Tha iguana bites ye.
* * * LOW HITPOINT WARNIN'
* * * Ye take 3 damage, an' haf 10/46 hp.
Ye barely miss tha iguana.
Tha iguana be almost dead.
Tha iguana bites ye but does nay damage.
Ye hit tha iguana but do nay damage.
Tha iguana be almost dead.
Tha iguana bites ye but does nay damage.
Ye hit tha iguana but do nay damage.
Tha iguana be almost dead.
Tha iguana barely misses ye.
Ye hit tha iguana.
Tha iguana be almost dead.
Tha iguana bites ye!
* * * LOW HITPOINT WARNIN'
* * * Ye take 8 damage, an' haf 3/46 hp.
Ye hit tha iguana but do nay damage.
Tha iguana be almost dead.
Tha iguana bites ye!
Ye die...

#.##....### ####...#
#.###...# #..). #.#.....#
####. #.#.###.# ### ##
#.......# #+# #..
###.##### #.# #.# #.# #.#
#.# #.###########.## #.#
#.......l♣.....###.######.
######.###................
#.# #.#......#######. #.#
#........#######. #>#
####............. #.#
#.....########
#.######.##### #........#
##########


You could see an iguana.

Vanquished Creatures
  3 endoplasms
  2 giant cockroaches (D:1)
  2 goblins
  2 hobgoblins
  4 jackals (D:1)
  2 kobolds (D:2)
  A quokka (D:2)
  4 ball pythons (D:1)
  4 bats
  A frilled lizard (D:1)
  2 rats (D:2)
27 creatures vanquished.

Notes
Turn   | Place    | Note
-------+----------+-------------------------------------------
     0 | D:1      | ProzacElf the Hill Orc Monk began the quest for the Orb.
     0 | D:1      | Reached XP level 1. HP: 19/19 MP: 1/1
   340 | D:1      | Reached XP level 2. HP: 21/26 MP: 2/2
  1712 | D:2      | Reached XP level 3. HP: 31/31 MP: 3/3
  1818 | D:2      | Found a faded altar of an unknown god.
  2205 | D:2      | Slain by an iguana

Illustrated notes

Levels and vault maps discovered:
D:1:      dpeg_arrival_round_c, layout_loops_ring, hangedman_glass_teeth
D:2:      layout_loops_corners, hellmonk_ecumenical_altar_zigzags

Skill      XL: |  1  2  3 |
---------------+----------+-----
Dodging        | 3 |  3.0
Fighting       | |  3.6
Axes           | |  4.9
Stealth        | |  1.5

Action                   || total
-------------------------++-------
Melee: Hand axe          ||   125
       Punch             ||     3
  Use: Potion            ||     2
 Stab: Sleeping          ||     2
Armor: Robe              ||    12
       Ring mail         ||    22
       Skin              ||     6
Dodge: Dodged            ||    82
Block: Other             ||     5
